Map: Abyssal Reef LE

Players

WeAreLegion - Winner!

  • Race: Terran Terran
  • League: Silver
  • Spawn Location: 5:00

StraightDraw

  • Race: Zerg Zerg
  • League: Gold
  • Spawn Location: 11:00

VOD

Have the link to the VOD?

Description

Time

  • Played on: Dec. 13, 2024, 7:36 p.m.
  • Length: 10:29
Show
View Real Time Build Order
Export as new Build Order

WeAreLegion Terran - Winner!

Build Orders: Reaper Expand 

Get SALT Encoding   

  12  0:00  SCV  
  13  0:12  SCV  
  14  0:20  Supply Depot  
  14  0:24  SCV  
  15  0:42  SCV  
  16  0:43  Barracks  
  16  0:45  Refinery  
  16  0:54  SCV  
  17  1:09  SCV  
  18  1:21  SCV  
  19  1:33  Orbital Command  
  19  1:35  Reaper  
  20  1:47  Command Center  
  20  1:56  Supply Depot  
  20  1:59  SCV  
  21  2:11  SCV  
  21  2:12  Marine  
  23  2:23  SCV  
  23  2:27  Factory  
  24  2:35  SCV  
  25  2:40  Barracks Reactor  
  25  2:47  SCV  
  26  3:03  SCV  
  27  3:05  Orbital Command  
  27  3:11  Bunker  
  27  3:24  SCV  
  28  3:34  Hellion x2  
  32  3:36  SCV  
  33  3:44  Starport  
  33  3:48  SCV  
  32  3:49  Orbital Command  
  32  3:54  Marine  
  32  3:55  Hellion x2  
  37  4:08  SCV  
  38  4:15  Barracks Tech Lab  
  38  4:16  Hellion  
  42  4:17  Hellion  
  42  4:20  SCV  
  42  4:21  Orbital Command  
  43  4:29  Liberator  
  46  4:34  Refinery  
  46  4:38  Supply Depot x2  
  46  4:59  SCV, Marine  
  48  5:00  SCV  
  49  5:11  SCV  
  49  5:12  SCV  
  51  5:17  Marine  
  51  5:19  Supply Depot  
  51  5:20  Supply Depot  
  52  5:23  SCV  
  41  5:29  Hellion x2  
  41  5:31  Liberator  
  41  5:35  Marine  
  49  5:37  Barracks x2  
  49  5:47  Engineering Bay  
  49  5:50  Hellion x2  
  49  5:52  Marine, Engineering Bay  
  49  5:55  SCV x2  
  56  6:04  Supply Depot  
  56  6:05  Supply Depot  
  56  6:07  SCV x2  
  56  6:10  Marine  
  59  6:11  Hellion x2  
  59  6:15  Refinery  
  59  6:17  Refinery  
  63  6:18  Terran Infantry Weapons Level 1  
  63  6:19  SCV, Terran Infantry Armor Level 1  
  63  6:25  Supply Depot  
  64  6:28  Marine  
  64  6:29  Missile Turret  
  65  6:33  SCV x2  
  67  6:45  SCV x2, Viking  
  67  6:46  Marine  
  69  6:52  Supply Depot  
  69  6:57  SCV  
  70  7:04  Marine, Missile Turret  
  70  7:08  Missile Turret  
  71  7:12  Missile Turret  
  71  7:14  Barracks Tech Lab, Barracks Reactor  
  71  7:17  Missile Turret  
  71  7:27  Factory Reactor  
  71  7:28  SCV x2  
  73  7:31  Marine  
  73  7:33  Combat Shield, Stimpack  
  73  7:34  Marine  
  75  7:40  SCV x2  
  77  7:49  Marine  
  78  7:52  Marine  
  79  7:58  Command Center, Viking  
  79  8:00  Viking  
  79  8:04  Command Center  
  83  8:07  Marine  
  84  8:15  Marine x2  
  84  8:16  Marine  
  84  8:18  Widow Mine x2  
  91  8:25  Marine  
  91  8:26  Supply Depot  
  92  8:28  Supply Depot  
  92  8:31  Armory  
  92  8:33  Marine x3  
  95  8:39  Widow Mine x2  
  95  8:40  Viking x2  
  103  8:42  Marine  
  104  8:50  Marine x2  
  106  8:58  SCV x2  
  106  9:00  Marine  
  109  9:04  Marine  
  109  9:07  Widow Mine  
  109  9:08  Marine x2  
  111  9:10  SCV x2, Liberator  
  114  9:18  Marine  
  114  9:22  SCV x2  
  114  9:23  Marauder  
  101  9:34  SCV  
  101  9:36  Marauder  
  101  9:50  Marine x3  
  101  9:52  Widow Mine x2  
  108  9:57  Marine  
  115  10:03  Barracks  
  113  10:08  Marine x2  
Show
View Real Time Build Order
Export as new Build Order

StraightDraw Zerg 

Build Orders: Pool First 

Get SALT Encoding   

  12  0:02  Extractor  
  11  0:09  Drone  
  12  0:27  Spawning Pool  
  11  0:31  Drone  
  12  0:36  Drone  
  13  0:49  Overlord  
  13  0:55  Drone  
  14  1:01  Extractor  
  13  1:05  Drone  
  13  1:10  Drone  
  16  1:20  Metabolic Boost  
  17  1:25  Zergling x2  
  18  1:32  Zergling x2  
  18  1:38  Zergling x2  
  19  1:47  Zergling x2  
  20  1:59  Lair  
  20  2:00  Overlord  
  20  2:09  Zergling x2  
  21  2:20  Zergling x2  
  22  2:50  Zergling x2  
  22  2:51  Zergling x2  
  24  3:00  Zergling x2  
  25  3:06  Hatchery  
  25  3:11  Zergling x2  
  25  3:25  Queen  
  27  3:30  Extractor  
  26  3:34  Spire  
  26  3:35  Zergling x2  
  26  3:36  Zergling x2  
  27  3:47  Zergling x4  
  25  4:07  Drone  
  26  4:18  Drone  
  26  4:21  Queen  
  29  4:26  Drone  
  29  4:30  Drone  
  31  4:42  Overlord  
  31  4:51  Overlord  
  31  5:05  Drone x3  
  34  5:11  Drone  
  32  5:41  Drone x4  
  32  5:42  Drone x3  
  39  5:51  Extractor  
  39  5:52  Drone  
  34  6:06  Mutalisk x2  
  29  6:19  Mutalisk  
  29  6:24  Mutalisk  
  29  6:46  Queen  
  31  6:47  Drone  
  31  6:48  Drone  
  31  6:52  Drone  
  34  6:58  Drone  
  35  7:12  Drone x3  
  38  7:17  Drone  
  39  7:28  Drone x2  
  39  7:29  Drone  
  42  7:32  Drone  
  43  7:38  Drone  
  44  7:52  Drone x4  
  44  7:56  Zerg Flyer Armor Level 1  
  48  8:03  Drone x3  
  48  8:05  Drone  
  52  8:13  Overlord  
  52  8:17  Overlord  
  52  8:21  Overlord  
  52  8:28  Overlord  
  52  8:35  Mutalisk x2  
  52  8:39  Mutalisk  
  58  8:47  Mutalisk  
  60  8:48  Mutalisk  
  43  9:35  Mutalisk x2  
  43  9:36  Mutalisk x3  
  43  9:37  Zergling x2  
  43  9:38  Zergling x10  
  43  9:44  Mutalisk  
  45  9:53  Drone  
  45  9:54  Drone x2  
Tags
 
Add a new tag
Caveats
  • Supply blocks, unpowered buildings, or Contaminate may cause inaccurate times.
  • Supply counts are checked every 10 seconds.